 Dungeon Crawl Stone Soup version 0.27-a0-1434-g6f15984924 (webtiles) character file.

Game seed: 12160709981251898387

1247 Delamore the Cruncher (level 8, 0/62 HPs)
             Began as a Formicid Fighter on July 3, 2021.
             Killed from afar by a white imp (6 damage)
             ... with a puff of frost
             ... on level 6 of the Dungeon.
             The game lasted 00:06:27 (6429 turns).

Delamore the Cruncher (Formicid Fighter)            Turns: 6429, Time: 00:06:27

Health: 0/62       AC: 10    Str: 22    XL:     8   Next: 79%
Magic:  8/8        EV:  6    Int:  9    God:
Gold:   99         SH: 10    Dex: 10    Spells: 7/7 levels left

rFire    . . .     SeeInvis +   a - +0 quarterstaff
rCold    . . .     Faith    .   c - +1 kite shield
rNeg     . . .     Spirit   .   h - +0 chain mail
rPois    .         Reflect  .   (helmet unavailable)
rElec    .         Harm     .   (no cloak)
rCorr    .         Rampage  .   (no gloves)
Will     .....                  i - +0 pair of boots
Stlth    ..........             (no amulet)
HPRegen  0.20/turn              (no ring)
MPRegen  0.11/turn              (no ring)

@: no status effects
A: permanent stasis, dig shafts and tunnels, antennae 3, four strong arms
a: Dig, Shaft Self


You were on level 6 of the Dungeon.
You visited 1 branch of the dungeon, and saw 6 of its levels.

You collected 219 gold pieces.
You spent 120 gold pieces at shops.

Inventory:

Hand Weapons
 a - a +0 quarterstaff (weapon)
Missiles
 n - 9 boomerangs
Armour
 b - a +0 scale mail
 c - a +1 kite shield (worn)
 h - a +0 chain mail (worn)
 i - a +0 pair of boots (worn)
Scrolls
 f - a scroll of silence
 p - a scroll of magic mapping
 q - a scroll of fear
 r - a scroll of noise
Potions
 d - 4 potions of might
 e - 3 potions of ambrosia
 g - 2 potions of berserk rage
 j - 2 potions of curing
 k - 3 potions of flight
 l - a potion of lignification
 m - a potion of degeneration
 o - a potion of brilliance


   Skills:
 - Level 5.0 Fighting
 * Level 9.6 Staves
 - Level 3.2 Armour
 - Level 3.6 Shields


You had 7 spell levels left.
You didn't know any spells.
Your spell library contained the following spells:

 Spells                   Type           Power      Damage    Failure   Level
 Corona                   Hex            0%         N/A       100%        1
 Foxfire                  Conj/Fire      0%         2x1d4     100%        1
 Ensorcelled Hibernation  Hex/Ice        0%         N/A       100%        2
 Conjure Flame            Conj/Fire      0%         6-21      100%        3
 Inner Flame              Hex/Fire       0%         N/A       100%        3
 Tukima's Dance           Hex            0%         N/A       100%        3
 Hailstorm                Conj/Ice       0%         3d3       100%        4
 Ice Form                 Ice/Tmut       0%         N/A       100%        4
 Passage of Golubria      Tloc           N/A        N/A       100%        4
 Yara's Violent Unravell  Hex/Tmut       0%         3d3       100%        5
 Simulacrum               Ice/Necr       0%         N/A       100%        6


Dungeon Overview and Level Annotations

Branches:
Dungeon (6/15)
 Temple: D:4-7

Altars:
Ashenzari
Nemelex Xobeh
Qazlal
Ru
Vehumet
Xom

Shops:
D:4 **   D:5 ((!?


Innate Abilities, Weirdness & Mutations

You cannot be hasted, slowed, berserked, paralysed or teleported.
You can dig through walls and to a lower floor.
You have a pair of large antennae on your head. (SInv)
Your four strong arms can wield two-handed weapons with a shield.


Message History

The white imp hits you. The white imp freezes you.
* * * LOW HITPOINT WARNING * * *
You sock the white imp!
The white imp is heavily wounded.
The sky beast barely misses you. The white imp gestures at you.
The puff of frost hits you.
* * * LOW HITPOINT WARNING * * *
You closely miss the white imp.
The white imp is heavily wounded.
The sky beast hits you.
* * * LOW HITPOINT WARNING * * *
The sky beast shocks you.
* * * LOW HITPOINT WARNING * * *
The white imp gestures at you. You block the puff of frost.
You feel better. The sky beast hits you.
* * * LOW HITPOINT WARNING * * *
The sky beast shocks you.
* * * LOW HITPOINT WARNING * * *
The white imp lashes its tail.
You block the white imp's attack.
You closely miss the white imp.
The white imp is heavily wounded.
The sky beast hits you but does no damage.
The white imp grins evilly.
The white imp hits you but does no damage.
You hit the white imp.
The white imp is severely wounded.
The sky beast hits you but does no damage.
The white imp hits you.
* * * LOW HITPOINT WARNING * * *
The white imp freezes you.
* * * LOW HITPOINT WARNING * * *
You hit the white imp.
The white imp is severely wounded.
The sky beast barely misses you. The white imp gestures at you.
The puff of frost hits you.
You die...

....# ..... ##
...... .# ..>$.. .
### ......##. ..#
.#...<..# .(#
........####..##
........5##....#
.......##@.....####
......≈.Y...#.....##
..#.........#.......
. #....#..........#
......#..........#
...........###.#....
...
.##.........##.##...
..
#.......#.........
.## ......##...##.#.


You could see a sky beast and a white imp.

Vanquished Creatures
  Grinder (D:5)
  Eustachio (D:5)
  A hornet zombie (D:4)
  A bullfrog (D:5)
  3 scorpions
  2 orc priests
  5 hounds
  A gnoll shaman (D:6)
  6 iguanas
  2 orc wizards (D:4)
  A hound zombie (D:5)
  Robin (D:2)
  2 adders
  An adder zombie (D:5)
  5 worms
  10 orcs
  7 bats
  6 endoplasms
  5 giant cockroaches
  13 goblins
  2 hobgoblins
  10 jackals
  2 kobolds
  3 quokkas
  6 ball pythons
  3 frilled lizards (D:1)
  A jackal skeleton (D:4)
  11 rats
112 creatures vanquished.

Notes
Turn   | Place    | Note
-------+----------+-------------------------------------------
     0 | D:1      | Delamore the Formicid Fighter began the quest for the Orb.
     0 | D:1      | Reached XP level 1. HP: 18/18 MP: 1/1
   196 | D:1      | Reached XP level 2. HP: 7/24 MP: 2/2
   201 | D:1      | HP: 1/24 [jackal (3)]
   982 | D:1      | Reached XP level 3. HP: 30/30 MP: 3/3
   992 | D:1      | Reached skill level 3 in Staves
  1655 | D:2      | Noticed Robin
  1939 | D:1      | Reached XP level 4. HP: 29/37 MP: 4/4
  2025 | D:2      | Killed Robin
  2584 | D:3      | Reached skill level 4 in Staves
  2584 | D:3      | Reached XP level 5. HP: 20/43 MP: 5/5
  3199 | D:3      | Found a faded altar of an unknown god.
  3358 | D:4      | Reached XP level 6. HP: 43/49 MP: 6/6
  3493 | D:4      | Reached skill level 5 in Staves
  3774 | D:4      | Reached skill level 5 in Fighting
  4132 | D:4      | Found Rah Pilu's Specific Store.
  4132 | D:4      | Found Nuxem's General Store.
  4153 | D:4      | Reached skill level 6 in Staves
  4153 | D:4      | Reached XP level 7. HP: 23/56 MP: 7/7
  4652 | D:5      | Entered Level 5 of the Dungeon
  4679 | D:5      | Found Eschoi's Antique Weapon Shoppe.
  4688 | D:5      | Reached skill level 7 in Staves
  4783 | D:5      | Found a sacrificial altar of Ru.
  4784 | D:5      | Found a shimmering altar of Xom.
  4784 | D:5      | Found a radiant altar of Vehumet.
  4785 | D:5      | Found a sparkling altar of Nemelex Xobeh.
  4785 | D:5      | Found a stormy altar of Qazlal.
  4785 | D:5      | Found a broken altar of Ashenzari.
  4897 | D:5      | Found Cuqoa's Antique Weapon Emporium.
  5089 | D:5      | Reached XP level 8. HP: 51/62 MP: 8/8
  5205 | D:5      | Noticed Grinder
  5217 | D:5      | Killed Grinder
  5218 | D:5      | Reached skill level 8 in Staves
  5405 | D:5      | Noticed Eustachio
  5435 | D:5      | Killed Eustachio
  5436 | D:5      | Reached skill level 9 in Staves
  5691 | D:5      | Found Peugrial's Magic Scroll Shop.
  5697 | D:5      | Bought a scroll of magic mapping for 35 gold pieces
  5697 | D:5      | Bought a scroll of fear for 35 gold pieces
  5697 | D:5      | Bought a scroll of noise for 10 gold pieces
  5697 | D:5      | Bought a scroll of identify for 20 gold pieces
  5697 | D:5      | Bought a scroll of identify for 20 gold pieces
  5716 | D:5      | Found Narphext's Distillery.
  6111 | D:6      | Noticed a red ugly thing
  6429 | D:6      | Killed from afar by a white imp

Illustrated notes

Levels and vault maps discovered:
D:1:      scummos_arrival_star, layout_rooms, minmay_misc_feat_tiny,
          item_on_display_a
D:2:      layout_loops_ring, minmay_ruptured, uniq_robin
D:3:      layout_basic, basic_ecumenical_altar
D:4:      layout_cave_pools, nicolae_specific_store
D:5:      layout_loops_corners, grunt_temple_overflow_open, serial_shops, shop,
          shop, nicolae_shop_overgrown_old_shop, kennysheep_little_box,
          uniq_grinder, uniq_eustachio
D:6:      layout_cave_pools, eino_tiny_chamber, minmay_chambers_of_fives

Skill      XL: |  1  2  3  4  5  6  7  8 |
---------------+-------------------------+-----
Staves         | 3 4 6 7 9 |  9.6
Fighting       | 4 5 |  5.0
Armour         | |  3.2
Shields        | |  3.6

Action                   |  1- 3 |  4- 6 |  7- 9 || total
-------------------------+-------+-------+-------++-------
Melee: Quarterstaff      |   135 |   201 |   144 ||   480
 Abil: Dig               |    10 |     3 |     3 ||    16
  Use: Scroll            |     2 |     5 |     5 ||    12
       Potion            |       |       |     2 ||     2
Armor: Scale mail        |    76 |    18 |       ||    94
       Chain mail        |       |    64 |    85 ||   149
Dodge: Dodged            |    44 |    59 |    40 ||   143
Block: Kite shield       |    86 |    94 |    82 ||   262

Table legend: (Time is in decaauts)
 A = Elapsed time spent in this place.
 B = Non-inter-level travel time spent in this place.
 C = Inter-level travel time spent in this place.
 D = Time resting spent in this place.
 E = Time spent auto-exploring this place.
 F = Levels seen in this place.
 G = Mean time per level.
                   A        B        C        D        E       F      G
               +--------+--------+--------+--------+--------+-----+--------+
         Total |   6553 |   6351 |    202 |   1770 |   3471 |   6 | 1092.2 |
       Dungeon |   6553 |   6351 |    202 |   1770 |   3471 |   6 | 1092.2 |
               +--------+--------+--------+--------+--------+-----+--------+

Top non-repeatable levels by time:
     D:5: 1720 daAuts
     D:1: 1498 daAuts
     D:4: 1199 daAuts
     D:3: 1047 daAuts
     D:2: 1022 daAuts
     D:6: 65 daAuts
